 Dungeon Crawl Stone Soup version 0.28.0 (webtiles) character file.

Game seed: 15662716242992921294

64 issech the Cudgeller (level 3, -4/31 (36) HPs)
             Began as a Troll Monk on Feb 13, 2022.
             Splashed by a jelly's acid (7 damage)
             ... on level 3 of the Dungeon.
             The game lasted 00:07:54 (1571 turns).

issech the Cudgeller (Troll Monk)                   Turns: 1571, Time: 00:07:56

HP:   -4/31 (36)    AC: -8    Str: 19    XL:     3   Next: 91%
MP:   2/2           EV: 10    Int:  6    God:
Gold: 92            SH:  0    Dex: 14    Spells: 2/2 levels left

rFire   . . .      SeeInvis .   a - +0 mace
rCold   . . .      Faith    .   (no shield)
rNeg    . . .      Spirit   .   b - +0 robe
rPois   +          Reflect  .   (helmet restricted)
rElec   .          Harm     .   (no cloak)
rCorr   .          Rampage  .   (gloves unavailable)
Will    .....                   (boots unavailable)
Stlth   ++........              g - amulet of the acrobat
HPRegen 0.90/turn               c - ring of poison resistance
MPRegen 0.08/turn               (no ring)

@: corroded, heavily drained
A: large, unfitting armour, claws 3, regeneration 1, shaggy fur 1, tough skin 1
a: no special abilities


You were on level 3 of the Dungeon.
You visited 1 branch of the dungeon, and saw 3 of its levels.

You collected 92 gold pieces.

Inventory:

Hand Weapons
 a - a +0 mace (weapon)
 j - a +1 dagger of draining
 m - a +2 hand axe of electrocution
Missiles
 e - 42 sling bullets
 h - 4 poisoned darts (quivered)
 k - 144 stones
 l - 33 bolts
Armour
 b - a +0 robe (worn)
Jewellery
 c - a ring of poison resistance (left claw)
 d - an amulet of faith
 g - an amulet of the acrobat (around neck)
 s - a ring of protection from cold
Scrolls
 f - a scroll of blinking {unknown}
 i - 2 scrolls of noise {unknown}
 n - a scroll of magic mapping {unknown}
 o - a scroll of identify {unknown}
 r - a scroll of enchant armour {unknown}
Potions
 p - a potion of degeneration {unknown}
 q - a potion of brilliance {unknown}


   Skills:
 + Level 2.8 Fighting
 + Level 3.5 Maces & Flails
 + Level 3.0 Dodging
 + Level 1.1 Stealth


You had 2 spell levels left.
You didn't know any spells.
Your spell library was empty.

Dungeon Overview and Level Annotations

Branches:
Dungeon (3/15)

Altars:


Innate Abilities, Weirdness & Mutations

You are too large for most types of armour.
You have claws for hands.
Your natural rate of healing is unusually fast.
You are covered in fur. (AC +1)
You have tough skin. (AC +1)


Message History

A ball python comes into view.
The ball python closely misses you. The ball python completely misses you.
The ball python bites you but does no damage.
You hit the ball python.
You kill the ball python!
You see here a ball python corpse.
You see here a ball python corpse.
Found a stone staircase leading down.
An endoplasm comes into view.
The endoplasm quivers.
You hit the endoplasm.
The endoplasm is moderately wounded.
The endoplasm hits you but does no damage.
You sock the endoplasm!
You kill the endoplasm!
You open the door.
A hobgoblin comes into view.
Found a throwing net.
There is an open door here.
A jelly comes into view.
The hobgoblin shouts!
The hobgoblin closely misses you.
You hit the hobgoblin.
You kill the hobgoblin!
The jelly closely misses you.
You sock the jelly! The acid corrodes you!
Your claws burn!
The jelly is severely wounded.
The jelly barely misses you.
You hit the jelly but do no damage.
Your claws burn!
The jelly is severely wounded.
The jelly hits you. The acid corrodes you!
You are splashed with acid!
You hit the jelly.
Your claws burn!
The jelly is almost dead.
The jelly hits you.
You are splashed with acid.
* * * LOW HITPOINT WARNING * * *
The jelly hits you.
* * * LOW HITPOINT WARNING * * *
The acid corrodes you!
You are splashed with acid!
You die...

#######....
#........######
##########..............
........##.........#.#.#
........##...>.......#..
........##..............
........##...........#..
.......J####.....#...#.#
.....(.@####.....#......
...........'.....#..##.#
........####....##..##.#
..####### #....##..##.#
. #....##..##.#
#....##......
#....###.##.# ..####
#.##.# ..# .##.#


You could see a jelly.

Vanquished Creatures
  An adder (D:2)
  A dart slug (D:2)
  4 endoplasms
  3 giant cockroaches (D:1)
  3 goblins
  2 hobgoblins
  6 jackals
  4 quokkas
  6 ball pythons
  5 bats
  5 frilled lizards
  5 kobolds (D:1)
  4 rats
49 creatures vanquished.

Vanquished Creatures (others)
  8 plants (D:1)
8 creatures vanquished.

Grand Total: 57 creatures vanquished

Notes
Turn   | Place    | Note
-------+----------+-------------------------------------------
     0 | D:1      | issech the Troll Monk began the quest for the Orb.
     0 | D:1      | Reached XP level 1. HP: 22/22 MP: 0/0
   195 | D:1      | Found a faded altar of an unknown god.
   269 | D:1      | Reached XP level 2. HP: 26/29 MP: 1/1
   726 | D:1      | Reached XP level 3. HP: 28/28 MP: 2/2
  1571 | D:3      | Splashed by a jelly's acid

Illustrated notes

Levels and vault maps discovered:
D:1:      saegor_arrival_fortress, layout_rooms,
          shapermc_ecumenical_altar_mp_highgroup, serial_bayou_ford_a
D:2:      layout_rooms
D:3:      layout_basic, chequers_serial_rivers_large_b, item_on_display_a,
          uniq_natasha

Skill      XL: |  1  2  3 |
---------------+----------+-----
Maces & Flails | 3 |  3.5
Dodging        | 3 |  3.0
Fighting       | |  2.8
Stealth        | |  1.1

Action                   || total
-------------------------++-------
Melee: Mace              ||   154
Armor: Robe              ||   120
Dodge: Dodged            ||   200
